AoeStats
← Kulishaak

Arabian Desert

508867732Analyzed
1v1 RM · 7d ago on Sep 24, 2026· 46m 37s· 2 players
Game mode
Random Map
Map size
Tiny (2 player)
Population
200
Speed
Normal
Resources
Standard
Victory
Conquest
Starting age
Dark Age
Ending age
Imperial Age
RankedLock teamsTeams togetherTeam positionsShared explorationLock speedFull tech treeHidden civsTurbo modeCheats
Victory
Defeat
🇨🇿 Saxons · Czechia
1116
+18
🇩🇪 Ethiopians · Germany
1156
-18
Kulishaak
1:48 Loom
9:17 Feudal Age
9:20 Man-at-Arms
13:17 Arson
14:54 Scale Mail Armor
16:36 Forging
26:14 Castle Age
26:46 Gold Mining
27:03 Crossbowman
32:17 Fletching
33:12 Bodkin Arrow
36:49 Wheelbarrow
41:48 Double-Bit Axe
44:51 Ballistics
46:05 Thumb Ring
preiss_oliver
7:37 Loom
10:16 Feudal Age
14:23 Castle Age
44:44 Fletching
Connection lost

Rejoining the realm…

Still unreachable

The connection could not be restored.

Session expired

The server has moved on; the page needs a fresh start.